 Dungeon Crawl Stone Soup version 0.22-a0-192-g6ffc940 (webtiles) character file.

95 wolfsongas the Insei (level 4, -3/36 HPs)
             Began as a Demigod Transmuter on Feb 16, 2018.
             Slain by an adder (4 damage)
             ... on level 4 of the Dungeon.
             The game lasted 00:05:06 (1873 turns).

wolfsongas the Insei (Demigod Transmuter)           Turns: 1873, Time: 00:05:07

Health: -3/36      AC:  2    Str: 19    XL:     4   Next: 17%
Magic:  7/10       EV: 20    Int: 19    God:
Gold:   144        SH:  0    Dex: 21    Spells: 1/7 levels left

rFire    . . .     SeeInvis .     - Unarmed
rCold    . . .     Gourm    .   (shield currently unavailable)
rNeg     . . .     Faith    .   (armour currently unavailable)
rPois    x         Spirit   .   (helmet currently unavailable)
rElec    .         Reflect  .   (cloak currently unavailable)
rCorr    .         Harm     .   (gloves currently unavailable)
MR       .....                  (boots currently unavailable)
Stlth    ++........             (no amulet)
HPRegen  0.12/turn              e - ring of wizardry
MPRegen  0.12/turn              j - +6 ring of strength

@: spider-form
A: tiny, high mp 1
a: End Transformation


You were on level 4 of the Dungeon.
You were not hungry.
You were a venomous arachnid creature.
You visited 1 branch of the dungeon, and saw 4 of its levels.

You collected 144 gold pieces.

Inventory:

Hand Weapons
 b - a +0 whip of flaming
Missiles
 a - 32 arrows
Armour
 f - a +1 leather armour (melded)
 k - a +2 pair of boots (melded)
Jewellery
 e - a ring of wizardry (left front leg)
 j - a +6 ring of strength (right front leg)
Scrolls
 g - a scroll of magic mapping
Books
 c - a book of Changes

   Spells                             Type                      Level
   a - Beastly Appendage              Transmutation                1
   b - Sticks to Snakes               Transmutation                2
   c - Spider Form                    Transmutation/Poison         3
   d - Ice Form                       Ice/Transmutation            4
   e - Blade Hands                    Transmutation                5
Comestibles
 d - 4 rations
 h - 8 chunks of flesh


   Skills:
 + Level 1.8 Fighting
 + Level 2.3 Dodging
 * Level 3.5 Unarmed Combat
 + Level 2.2 Spellcasting
 + Level 2.3 Transmutations


You had one spell level left.
You knew the following spells:

 Your Spells              Type           Power        Failure   Level  Hunger
a - Beastly Appendage     Tmut           ##....       7%          1    #......
b - Spider Form           Tmut/Pois      #.........   24%         3    ###....
c - Sticks to Snakes      Tmut           ##......     10%         2    ##.....


Dungeon Overview and Level Annotations

Branches:
Dungeon (4/15)
 Temple: D:4-7

Annotations:
D:3 holliwood's ghost, amateur OgBe


Innate Abilities, Weirdness & Mutations

You have an increased reservoir of magic. (+10% MP)


Message History

Your +1 leather armour unmelds from your body.
There is an escape hatch in the floor here.
Holliwood's ghost closely misses you.
You slide downwards.
The hatch slams shut behind you.
An adder and a scorpion come into view.
Found a potion of magic and a scale mail.
The adder hisses angrily.
Casting: Spider Form (safe; 16% risk of failure)
Confirm with . or Enter, or press ? or * to list all spells.
You turn into a venomous arachnid creature.
Your +2 pair of boots melds into your body.
Your +1 leather armour melds into your body.
You are too injured to fight recklessly!
Okay, then.
You aren't carrying any potions.
Unknown command.
The adder closely misses you. The scorpion stings you.
* * * LOW HITPOINT WARNING * * *
The adder bites you.
You die...

##...[...#
........#
#.......#
#.......#
#.......#
####......!#
#..........#
#...Ss######
#...s.#
#.....#
#.....#
#.....#
#.......
#####.....
.......
.......
.......


You could see a scorpion and an adder.

Vanquished Creatures
  Jessica (D:2)
  A gnoll (D:1)
  An adder (D:2)
  3 dart slugs
  A ball python (D:2)
  6 bats
  2 giant cockroaches (D:1)
  6 goblins
  4 hobgoblins
  9 kobolds
  A quokka (D:2)
  5 frilled lizards
  4 rats
44 creatures vanquished.

Notes
Turn   | Place    | Note
-------+----------+-------------------------------------------
     0 | D:1      | wolfsongas the Demigod Transmuter began the quest for the Orb.
     0 | D:1      | Reached XP level 1. HP: 15/15 MP: 5/5
    35 | D:1      | Reached skill level 1 in Fighting
   604 | D:1      | Reached XP level 2. HP: 22/23 MP: 5/7
   671 | D:1      | Reached skill level 3 in Unarmed Combat
  1141 | D:2      | Reached XP level 3. HP: 28/28 MP: 6/8
  1232 | D:1      | Learned a level 3 spell: Spider Form
  1235 | D:1      | Learned a level 2 spell: Sticks to Snakes
  1430 | D:2      | Noticed Jessica
  1437 | D:2      | Killed Jessica
  1501 | D:2      | Reached XP level 4. HP: 36/36 MP: 10/10
  1724 | D:2      | Found a faded altar of an unknown god.
  1839 | D:3      | Noticed holliwood's ghost (amateur OgBe)
  1873 | D:4      | HP: 1/36 [scorpion (4)]
  1873 | D:4      | Slain by an adder

Vault maps used:
D:1:      minmay_arrival_loop
D:2:      chequers_ecumenical_altar_simple, uniq_jessica
D:4:      yredelemnul_altar_generic, nicolae_overflow_hidden_temple,
          first_ration, minmay_misc_feat_encased, lemuel_angel_altar

Skill      XL: |  1  2 |
---------------+-------+-----
Fighting       | 1 |  1.8
Unarmed Combat | 3 |  3.5
Dodging        | 2 |  2.3
Transmutations | 2 |  2.3
Spellcasting   | 2 |  2.2

Action                   |  1- 3 |  4- 6 || total
-------------------------+-------+-------++-------
Melee: Unarmed           |   110 |    40 ||   150
       Kick              |     5 |       ||     5
       Headbutt          |     1 |       ||     1
       Punch             |     1 |       ||     1
 Cast: Beastly Appendage |    10 |       ||    10
       Spider Form       |     5 |     4 ||     9
  Use: Scroll            |     4 |     1 ||     5
       Potion            |       |     2 ||     2
  Eat: Chunk             |     1 |       ||     1
       Ration            |     1 |       ||     1
Armor: Robe              |    10 |       ||    10
       Leather armour    |    18 |     6 ||    24
       Skin              |       |     1 ||     1
Dodge: Dodged            |    85 |    35 ||   120

Table legend:
 A = Spawn XP
 B = Non-spawn XP
 C = Spawn XP percentage of total XP
 D = Spawn monster count
 E = Non-spawn monster count
 F = Spawn count percentage of total count
 G = Total turns spent on level
                    A         B        C        D         E        F      G
               +---------+---------+-------+---------+---------+-------+---------
         Total |       0 |     137 |   0.0 |       0 |      44 |   0.0 |  1873
               +---------+---------+-------+---------+---------+-------+---------
           D:1 |       0 |      47 |   0.0 |       0 |      21 |   0.0 |  1148
           D:2 |       0 |      85 |   0.0 |       0 |      20 |   0.0 |   667
           D:3 |       0 |       5 |   0.0 |       0 |       3 |   0.0 |    50
               +---------+---------+-------+---------+---------+-------+---------
